[Event "*** SCC Grand Prix: Titled Tuesday Blitz"]
[Site "Chess.com"]
[Date "2020.08.25"]
[Round "3"]
[White "Paladin61"]
[Black "mishanick"]
[Result "0-1"]
[WhiteElo "2673"]
[BlackElo "2974"]
[TimeControl "180+1"]
[EndTime "10:31:48 PDT"]
[Termination "mishanick won on time"]

1. b3 Nf6 2. Bb2 g6 3. Bxf6 exf6 4. c4 Bg7 5. Nc3 f5 6. Rc1 d6 7. g3 Nd7 8. Bg2 Nf6 9. e3 h5 10. h4 Ng4 11. Nh3 c6 12. d4 O-O 13. O-O Re8 14.
b4 Be6 15. Qd3 Rc8 16. a4 a6 17. a5 Qe7 18. Na4 Rcd8 19. Nb6 Bc8 20. Rfe1 Nf6 21. b5 Ne4 22. bxc6 bxc6 23. Nxc8 Rxc8 24. Rb1 c5 25.
Rb6 cxd4 26. exd4 Nxf2 27. Rxe7 Nxd3 28. Rxe8+ Rxe8 29. Rxd6 Re1+ 30. Bf1 Rd1 31. Rd8+ Bf8 32. Kg2 Rd2+ 33. Kg1 Kg7 34. Ng5 Be7 35. Rd7 Kf8 36. Ra7 Nb4 37. Nh7+ Ke8 38. Ra8+ Kd7 39. Ra7+ Kd8 40.
Ra8+ Kd7 41. Ra7+ Ke8 42. Ra8+ Bd8 43. Nf6+ Ke7 44. Ng8+ Kd7 45. Ra7+ Kc8 46. Rxf7 Rxd4 47. Rg7 Rd6 48. Nh6 Bxa5 49. c5 Rc6 50. Rg8+ Kd7 51.
Nf7 Rxc5 52. Rxg6 Ke7 53. Ng5 Bc7 54. Rg7+ Kd6 55. Rh7 Rc1 56. Rh6+ Kd5 57. Rxh5 Nc2 58. Kg2 Ne3+ 59. Kf3 Nxf1 60. Rh7 Nxg3 61. h5 Rc3+ 62.
Kg2 Bf4 63. Nf3 Ne4 64. h6 Rc2+ 65. Kg1 Rc1+ 66. Kg2 Rc8 67. Kg1 Ke6 68. Kg2 Kf6 69.
Ra7 Bxh6 0-1

[Event "*** SCC Grand Prix: Titled Tuesday Blitz"]
[Site "Chess.com"]
[Date "2020.08.25"]
[Round "3"]
[White "nrvisakh"]
[Black "albano87"]
[Result "1-0"]
[WhiteElo "2805"]
[BlackElo "2562"]
[TimeControl "180+1"]
[EndTime "10:31:48 PDT"]
[Termination "nrvisakh won by resignation"]

1. e4 c5 2. Nf3 Nc6 3. d4 cxd4 4. Nxd4 Nf6 5. Nc3 d6 6. Be2 Nxd4 7. Qxd4 g6 8. O-O Bg7 9. Be3 O-O 10. Qd2 Be6 11.
Rfd1 Rc8 12. f3 a6 13. a4 Qa5 14. Bd4 Nd7 15. Nd5 Qd8 16. Bxg7 Kxg7 17. a5 Bxd5 18.
exd5 Qc7 19. c4 Ne5 20. f4 Qc5+ 21. Qd4 Qxd4+ 22. Rxd4 Nd7 23. b4 Rc7 24. Re4 Nf6 25. Re3 Rfc8 26. Bd3 Kf8 27. Rae1 Nh5 28. g3 Ng7 29. g4 h5 30. h3 Rb8 31. Ra1 Ne8 32.
gxh5 gxh5 33. Be2 Ng7 34. Rg3 Nf5 35. Rg5 Nd4 36. Kf2 Nxe2 37. Kxe2 Rxc4 38. Rag1 Ke8 39. Rg8+ Kd7 40. Rxb8 Rxb4 41. Rc1 Rb2+ 42. Kd3 f5 43. Rcc8 e5 44. dxe6+ Kxe6 45. Rc2 Rb5 46. Kd4 Rb4+ 47.
Rc4 Rb5 48. Re8+ Kd7 49. Rh8 Rxa5 50. Rxh5 b5 51. Rb4 Ke6 52. Rh6+ Kd7 53. Kd5 Ra1 54. Rxd6+ Kc7 55. Rc6+ Kb7 56. Rf6 Rd1+ 57. Rd4 Rh1 58. Ke5 Re1+ 59. Kxf5 Re8 60. Re4 Kc8 61. Rxe8+ 1-0

[Event "*** SCC Grand Prix: Titled Tuesday Blitz"]
[Site "Chess.com"]
[Date "2020.08.25"]
[Round "3"]
[White "JesseKraai"]
[Black "catalin009"]
[Result "1-0"]
[WhiteElo "2561"]
[BlackElo "2366"]
[TimeControl "180+1"]
[EndTime "10:31:52 PDT"]
[Termination "JesseKraai won by resignation"]

1. d4 Nf6 2. c4 e6 3. Nc3 Bb4 4.
e3 O-O 5. Nf3 d5 6. Bd3 c5 7. O-O cxd4 8. exd4 dxc4 9. Bxc4 Qc7 10. Qd3 Bxc3 11. bxc3 b6 12. Bg5 Nbd7 13. Bb3 Bb7 14.
Rac1 Be4 15. Qe3 Rac8 16. Ne5 Qb7 17. Qg3 Nxe5 18. Bxf6 Ng6 19. Bg5 Qc7 20. Qe3 Qb7 21. Qg3 b5 22. h4 h6 23. Be3 Qc7 24. Qh3 Ne7 25. Qg4 Bf5 26. Qe2 a6 27. c4 bxc4 28. Rxc4 Qb7 29. Rc5 Rfd8 30. Rfc1 Be4 31. Qg4 Bf5 32.
Qg3 Rxc5 33. dxc5 Be4 34. Qe5 Qc6 35. f3 Bd5 36. Qc3 f6 37. Bf2 e5 38. Rd1 Kf8 39. Rc1 Ke8 40. Qa5 Bxb3 41. axb3 Qb5 42. Qxb5+ axb5 43. Ra1 Nc6 44. Ra6 Rc8 45. Rb6 b4 46. Rb7 Kf8 47.
Kf1 Nd4 48. Rxb4 Rxc5 49. Bxd4 exd4 50. Rxd4 Rc2 51. b4 Rb2 52. Rc4 Kf7 53. Kg1 h5 54. Kh2 Ke6 55. Kg3 Kf5 56. Rc5+ Kg6 57. b5 Kh6 58. Rd5 Kg6 59. Rc5 Kh6 60. Kh2 Kg6 61. Kh3 Kh6 62. g4 hxg4+ 63. Kxg4 Rb4+ 64. f4 Kg6 65. h5+ Kh6 66. Rd5 Kh7 67. Kh4 Kh6 68. Kg4 g6 69.
hxg6 Kxg6 70. Kf3 Kf7 71. f5 Ke7 72. Ke3 Ke8 73. Kd3 Ke7 74. Kc3 Rb1 75. Kc4 Rc1+ 76. Kd4 Rd1+ 77. Kc5 Rc1+ 78. Kb6 Ke8 79. Kb7 Re1 80.
b6 Re5 81. Rxe5+ fxe5 82. Kc7 e4 83. b7 e3 84. b8=Q+ 1-0

[Event "*** SCC Grand Prix: Titled Tuesday Blitz"]
[Site "Chess.com"]
[Date "2020.08.25"]
[Round "3"]
[White "BocharovD"]
[Black "FairChess_on_YouTube"]
[Result "1-0"]
[WhiteElo "2702"]
[BlackElo "2980"]
[TimeControl "180+1"]
[EndTime "10:31:53 PDT"]
[Termination "BocharovD won by resignation"]

1. d4 Nf6 2. c4 e6 3. Nf3 d5 4. g3 Bb4+ 5. Bd2 Be7 6. Bg2 O-O 7. O-O Nbd7 8. Qc2 c6 9. a4 a5 10. Na3 Ne4 11. Rfd1 Nxd2 12. Nxd2 f5 13. e3 Bd6 14.
b3 Qe7 15. Qb2 Nf6 16. Nc2 Bd7 17. Nf3 Be8 18. c5 Bc7 19. b4 axb4 20. Nxb4 Bh5 21. Nd3 Ra7 22. Rdb1 Bxf3 23. Bxf3 Ne4 24. Qc2 Ba5 25.
Bg2 g5 26. Rb3 h5 27. Ne5 Qg7 28. Bxe4 fxe4 29. Rab1 Re8 30. Qe2 Qh7 31. h3 Re7 32. Kg2 Ra8 33. Rf1 Rf8 34. f3 exf3+ 35. Rxf3 Qe4 36.
Qd3 Rxf3 37. Nxf3 Qxd3 38. Rxd3 g4 39. hxg4 hxg4 40. Ne5 Bc7 41. Nxg4 Rg7 42. Nf6+ Kf7 43. Nh5 Rg5 44. Rb3 Kg6 45. Rxb7 Ba5 46. Nf4+ Kf6 47. Ra7 Be1 48. Ne2 Rf5 49. Nf4 Rg5 50. Kf3 Bxg3 51.
Rc7 Bxf4 52. exf4 Rg1 53. Rxc6 Kf5 54. a5 Ra1 55. a6 Ra3+ 56. Ke2 Ke4 57. Rxe6+ Kxd4 58. c6 Rxa6 59. f5 Ra7 60. f6 Rf7 61. Kf3 Kc3 62.
Kf4 d4 63. Kf5 d3 64. Rd6 d2 65. Kg6 Rc7 66. f7 Kc2 67. f8=Q d1=Q 68. Rxd1 Rxc6+ 69. Rd6 1-0

[Event "*** SCC Grand Prix: Titled Tuesday Blitz"]
[Site "Chess.com"]
[Date "2020.08.25"]
[Round "3"]
[White "NiranjanNavalgund"]
[Black "German_Bazeev"]
[Result "0-1"]
[WhiteElo "2443"]
[BlackElo "2836"]
[TimeControl "180+1"]
[EndTime "10:31:54 PDT"]
[Termination "German_Bazeev won by checkmate"]

1. d4 Nf6 2. c4 c6 3. Nc3 d5 4. Nf3 e6 5. g3 Nbd7 6. Bg2 dxc4 7. O-O Be7 8. a4 a5 9. Bf4 O-O 10. e4 b6 11. Qe2 Ba6 12. Ne5 Nxe5 13. dxe5 Nd7 14.
Rfd1 Qc7 15. h4 Nxe5 16. Qh5 f6 17. Bh3 Bc8 18. Rd2 Bc5 19. Rad1 Qf7 20. Qe2 Nd3 21.
Be3 e5 22. Bg2 Be6 23. b3 Bb4 24. Rc1 Nc5 25. Bxc5 bxc5 26. bxc4 Bxc4 27. Qg4 Be6 28. Qe2 Rfd8 29. Rxd8+ Rxd8 30. Qa6 Qd7 31. Rd1 Qc7 32. Rxd8+ Qxd8 33. Qxc6 Qd7 34. Qa8+ Qc8 35. Qxc8+ Bxc8 36. Nb5 Bd7 37. Bf1 Be6 38. Nd6 Kf8 39. Bc4 Bd7 40. Bb3 Ke7 41. Nc4 Be6 42. Kf1 g6 43.
Ke2 Bc3 44. Kd3 Bb4 45. Ke2 h5 46. Kd3 g5 47. Ke2 Bf7 48. Kf3 Be6 49. Ke2 Bc3 50.
Kd3 Bd4 51. Ke2 Bg4+ 52. f3 Be6 53. Nxa5 Bc8 54. Bc4 gxh4 55. gxh4 f5 56. Nb3 fxe4 57. fxe4 Bc3 58. Nxc5 Kd6 59. Nd3 Bd4 60. a5 Bg4+ 61.
Kd2 Kc6 62. Nb4+ Kc5 63. Nd5 Kxc4 64. a6 Ba7 65. Nf6 Bf3 66. Nd7 Kd4 67. Nf6 Bb6 68.
Ke1 Ba7 69. Kf2 Bxe4 70. Nxh5 Bd3 71. Nf6 Bxa6 72. h5 e4 73. h6 Ke5+ 74. Kg3 Kxf6 75.
Kf4 e3 76. Ke4 Kg6 77. h7 Kxh7 78. Kf3 Kg6 79. Kg2 Kf5 80. Kg1 Ke4 81. Kg2 Kd3 82. Kf3 Kd2 83. Kg2 e2 84. Kf3 Bd4 85. Kg2 Ba1 86. Kf3 Bd3 87. Kg2 Bb1 88. Kf3 e1=Q 89. Kg2 Qe3 90. Kf1 Bd3+ 91. Kg2 Qg5+ 92. Kf3 Qf5+ 93. Kg3 Be5+ 94. Kg2 Be4+ 95. Kg1 Qg4+ 96.
Kf2 Qg2# 0-1

[Event "*** SCC Grand Prix: Titled Tuesday Blitz"]
[Site "Chess.com"]
[Date "2020.08.25"]
[Round "3"]
[White "x-6099009240"]
[Black "MikeSailer"]
[Result "1-0"]
[WhiteElo "2413"]
[BlackElo "2169"]
[TimeControl "180+1"]
[EndTime "10:31:56 PDT"]
[Termination "x-6099009240 won by resignation"]

1. e4 d5 2. exd5 Qxd5 3. Nc3 Qd6 4. d4 Nf6 5. Nf3 c6 6. g3 Bf5 7. Bg2 e6 8. O-O Be7 9. Bf4 Qd8 10. Ne5 h6 11.
Na4 O-O 12. c4 Nbd7 13. Qd2 Nb6 14. Nc3 Bb4 15. a3 Bxc3 16. Qxc3 Be4 17. Bxe4 Nxe4 18. Qe3 Nd6 19. b3 Nf5 20. Qc3 Nxd4 21. Kg2 Ne2 22.
Qe3 Nxf4+ 23. Qxf4 Qf6 24. Qxf6 gxf6 25. Ng4 Kg7 26.
Rfd1 Rad8 27. Kf3 Nc8 28. Ne3 Ne7 29. Ke4 f5+ 30. Kf3 Ng6 31. Ke2 f4 32. Nc2 fxg3 33.
hxg3 Ne5 34. f4 Ng4 35. Kf3 h5 36. Nd4 a6 37. a4 Kf6 38. Ne2 Ke7 39. Nc3 c5 40.
Ne4 b6 41. a5 f5 42. Nc3 bxa5 43. Na4 Rxd1 44. Rxd1 Rb8 45. Nxc5 a4 46. bxa4 Rb2 47. Nd3 Rb3 48. Ke2 Ra3 49. Nc5 Rxg3 50. Rd7+ Kf6 51. Rh7 Kg6 52. Rh8 Re3+ 53. Kd2 Rf3 54. Nxe6 Ra3 55. Nc5 Rf3 56. Nd3 Rh3 57. c5 h4 58.
c6 Nf6 59. c7 Ne4+ 60. Kc2 Nd6 61. c8=Q Nxc8 62. Rxc8 Rh2+ 63. Kc3 h3 64. Rc6+ Kh5 65. Rxa6 Kg4 66. Ra8 Rf2 67. Rg8+ Kf3 68. Nxf2 Kxf2 69. Rh8 Kg2 70. a5 h2 71. Rxh2+ Kxh2 72. Kd4 Kg3 73.
Ke5 Kf3 74. a6 1-0

[Event "*** SCC Grand Prix: Titled Tuesday Blitz"]
[Site "Chess.com"]
[Date "2020.08.25"]
[Round "3"]
[White "Pikachess999"]
[Black "pirulillo"]
[Result "0-1"]
[WhiteElo "2377"]
[BlackElo "2174"]
[TimeControl "180+1"]
[EndTime "10:31:59 PDT"]
[Termination "pirulillo won by resignation"]

1. e4 c5 2. a3 g6 3. h4 h5 4. Nc3 Bg7 5. Nf3 Nc6 6. Bb5 Nd4 7. Bc4 e6 8. Ne2 Nxf3+ 9. gxf3 d5 10. Bb5+ Bd7 11. Bxd7+ Qxd7 12. d3 O-O-O 13. Nc3 Kb8 14.
Qe2 Ne7 15. Bf4+ Ka8 16. Bg3 a6 17. O-O Ka7 18. Rab1 d4 19. Na2 e5 20. f4 Nc6 21.
b4 exf4 22. Bxf4 Qh3 23. bxc5 Be5 24. Bxe5 Nxe5 25. f4 Ng4 26. Rf3 Qxh4 27. c6 bxc6 28. Nb4 Qf6 29. e5 Qe6 30. Qe4 Rc8 31. Rbf1 c5 32. Nd5 Rhd8 33. c4 dxc3 34. Nxc3 Rd4 35. Qe2 Nh6 36. R3f2 Nf5 37. Rb1 Rb8 38. Rxb8 Kxb8 39.
Qb2+ Ka7 40. Ne4 Qb6 41. Qc2 c4 42. dxc4 Ne3 43. c5 Qc6 44. Qb3 Rxe4 45. Qxf7+ Qb7 46. Qxg6 Rc4 47. Qb6+ Qxb6 48. cxb6+ Kxb6 49. f5 Rc1+ 50. Kh2 Ng4+ 51. Kg3 Nxe5 52. f6 Rc3+ 53. Kh4 Rxa3 54. f7 Nxf7 55. Rxf7 Ra5 56. Rf6+ Kb5 57. Rh6 Kb4 58.
Rb6+ Kc3 59. Rb8 Ra1 60. Rc8+ Kb4 61. Kxh5 a5 62. Kg4 a4 63. Kf3 Re1 64. Rb8+ Ka3 65. Rb7 Re6 66. Kf2 Ka2 67. Rb5 a3 68. Kf3 Ka1 69. Rb4 a2 70. Kf2 Rc6 71. Rb3 Rc2+ 72.
Ke3 Rb2 73. Rd3 Kb1 74. Rd1+ Kc2 75. Rd2+ Kc3 76. Rd3+ Kc4 77. Ra3 Rb3+ 0-1

[Event "*** SCC Grand Prix: Titled Tuesday Blitz"]
[Site "Chess.com"]
[Date "2020.08.25"]
[Round "3"]
[White "GaboSalazar2001"]
[Black "sergeikim"]
[Result "1/2-1/2"]
[WhiteElo "2286"]
[BlackElo "2498"]
[TimeControl "180+1"]
[EndTime "10:32:03 PDT"]
[Termination "Game drawn - insufficient material"]

1. e4 e5 2. Nf3 Nc6 3. Bb5 a6 4. Ba4 Nf6 5. d3 b5 6. Bb3 Bc5 7. Nc3 d6 8. Bg5 h6 9. Bxf6 Qxf6 10. Nd5 Qd8 11. c3 O-O 12. O-O Bg4 13. a4 b4 14.
Rc1 Rb8 15. Bc4 a5 16. Ne3 Bh5 17. g4 Bxe3 18. gxh5 Bxc1 19. Qxc1 bxc3 20. bxc3 Qf6 21. Qe3 Nd8 22. Kh1 Ne6 23. Rg1 Qf4 24. Qxf4 Nxf4 25.
Nh4 Nxh5 26. Nf5 Kh7 27. Bb5 g6 28. Ne7 Nf6 29. Nc6 Rb6 30. Nxa5 d5 31. exd5 Nxd5 32. c4 Nc3 33. c5 Rf6 34. Bc4 Nxa4 35. Rf1 Nxc5 36.
Nb3 e4 37. Nxc5 e3 38. f3 Rd8 39. Ne4 Rf5 40. Re1 Rxf3 41. Kg2 Rf5 42. Rxe3 Kg7 43. Rf3 Rxf3 44. Kxf3 f5 45. Nf2 Kf6 46. Nd1 g5 47. Ne3 g4+ 48. Kf2 c6 49. Nc2 Ke5 50. Ke3 f4+ 51.
Kf2 h5 52. Ne1 h4 53. Ng2 h3 54. Ne1 Kd4 55. Nc2+ Kc3 56. Ne1 Ra8 57. Be6 Rb8 58.
Bxg4 Rb2+ 59. Kf3 Kd2 60. Kxf4 Kxe1 61. Bxh3 Rxh2 62. Bf5 Rd2 63. Be4 c5 64. Ke5 Ke2 65. Kd5 Ke3 66. Kxc5 Rc2+ 67. Kd5 Rc3 68. Ke5 Ra3 69.
d4 Ra5+ 70. d5 Ra4 71. Bf5 Ra5 72. Ke6 Ra6+ 73. d6 Kd4 74. Ke7 Ke5 75. d7 Ra7 76. Ke8 Rxd7 77. Kxd7 1/2-1/2

[Event "*** SCC Grand Prix: Titled Tuesday Blitz"]
[Site "Chess.com"]
[Date "2020.08.25"]
[Round "3"]
[White "BakaPG"]
[Black "SergeyKarjakin"]
[Result "0-1"]
[WhiteElo "2681"]
[BlackElo "2983"]
[TimeControl "180+1"]
[EndTime "10:32:07 PDT"]
[Termination "SergeyKarjakin won on time"]

1. e4 c6 2. d4 d5 3. Nd2 dxe4 4. Nxe4 Bf5 5. Ng3 Bg6 6. Nf3 Nf6 7. h4 Nh5 8. Ne5 Nxg3 9. fxg3 Nd7 10. Nxg6 hxg6 11.
c3 e6 12. Qf3 Bd6 13. Bf4 Bxf4 14. Qxf4 g5 15. Qf2 Qf6 16. Bd3 Rd8 17. Qxf6 Nxf6 18. Ke2 gxh4 19. Rxh4 Ke7 20. Rah1 Rhf8 21. a3 Rd5 22. Bc2 Rfd8 23. Rd1 e5 24. Bb3 Rb5 25. dxe5 Rxe5+ 26. Kf3 Rxd1 27. Bxd1 Rd5 28. Rd4 Re5 29. Bb3 a5 30. a4 Nd7 31. Bc2 Nc5 32. Rf4 g6 33. Kf2 Ne6 34. Re4 Rxe4 35. Bxe4 Kd6 36. Ke3 Ke5 37. b4 axb4 38. cxb4 Nc7 39. Bf3 g5 40.
Kd3 f5 41. g4 fxg4 42. Bxg4 Nd5 43. b5 cxb5 44. axb5 b6 45. Bf3 Nc7 46. Bc6 Ne6 47. Ke3 Nd4 48. Be8 Nf5+ 49. Kf3 Nd6 50. Bd7 Kf6 51.
Ke3 Ke5 52. Kf3 Ne4 53. Bc6 Nf6 54. Ke3 Kf5 55. Kf3 g4+ 56. Ke3 Ke5 57. Bb7 Ne8 58. Bc8 Nf6 59. Bb7 Kf5 60. Bc8+ Kg5 61. Kd4 Kf4 62. Bb7 g3 63. Bc6 Ng4 64. Kd5 Ne3+ 65. Kd6 Nc4+ 66. Kc7 Ke5 67. Kd7 Kd4 68. Kc7 Kc5 69.
Kd7 Nd6 70. Ke6 Nxb5 71. Bd7 Nd4+ 72. Ke5 Ne2 73. Ke4 Kd6 74. Be8 Ke7 0-1

[Event "*** SCC Grand Prix: Titled Tuesday Blitz"]
[Site "Chess.com"]
[Date "2020.08.25"]
[Round "3"]
[White "memer5334"]
[Black "r31415"]
[Result "1/2-1/2"]
[WhiteElo "2164"]
[BlackElo "2457"]
[TimeControl "180+1"]
[EndTime "10:32:07 PDT"]
[Termination "Game drawn - insufficient material"]

1. e4 e5 2. Nc3 Nf6 3. Nf3 Nc6 4. Bc4 Bc5 5. d3 d6 6. O-O O-O 7. Be3 Bb6 8. Bxb6 axb6 9. a3 Be6 10. Bxe6 fxe6 11. Ng5 Qe7 12. Qd2 Nd4 13. f4 exf4 14. Rxf4 e5 15. Rff1 c6 16. Nf3 Ng4 17. Nxd4 exd4 18. Ne2 Qe5 19. g3 Ne3 20. Rf4 d5 21. c3 Rxf4 22. gxf4 Qh5 23. cxd4 Qf3 24. Ng3 dxe4 25.
dxe4 Rd8 26. Re1 Nc4 27. Qc3 Qxc3 28. bxc3 Nxa3 29. Ra1 Nb5 30. Ne2 Nd6 31. e5 Nc4 32. Ra7 Rd7 33. Kf2 Kf7 34. Kf3 g6 35. h4 Ke6 36.
Ke4 Rf7 37. Ra8 Na5 38. Re8+ Kd7 39. Rb8 Kc7 40. Rh8 Nb3 41. Ng3 Nd2+ 42. Ke3 Nc4+ 43.
Kf3 c5 44. h5 gxh5 45. Nxh5 Nd2+ 46. Ke3 Nc4+ 47. Kd3 Nb2+ 48. Kc2 Na4 49. Nf6 cxd4 50. cxd4 b5 51. Kd3 Nb6 52. Rxh7 Rxh7 53. Nxh7 Kd7 54. Nf6+ Ke6 55. Ne4 Nd5 56. Nc5+ Kf5 57. Nxb7 Nxf4+ 58. Kc3 Ne6 59. Nd6+ Kf4 60. Nxb5 Ke3 61.
Kc4 Ke4 62. Nd6+ Kf4 63. Kd5 Nc7+ 64. Kc6 Ne6 65. d5 Kxe5 66. Nc4+ Kf6 67. d6 Nd8+ 68. Kd7 Ne6 69. Nb6 Nc5+ 70. Kc6 Ne6 71. Nd5+ Kf7 72. Kd7 Nf8+ 73. Kc7 Ke6 74. Nf4+ Ke5 75. Nd3+ Ke6 76. Nc5+ Kd5 77. Nd7 Ne6+ 78. Kb6 Kxd6 1/2-1/2

[Event "*** SCC Grand Prix: Titled Tuesday Blitz"]
[Site "Chess.com"]
[Date "2020.08.25"]
[Round "3"]
[White "IrinaDrogovoz"]
[Black "seorobert1971"]
[Result "1/2-1/2"]
[WhiteElo "2318"]
[BlackElo "2636"]
[TimeControl "180+1"]
[EndTime "10:32:14 PDT"]
[Termination "Game drawn - insufficient material"]

1. d4 Nf6 2. c4 e6 3. Nc3 Bb4 4. Nf3 Bxc3+ 5. bxc3 O-O 6. Qd3 d5 7. Bg5 b6 8. cxd5 exd5 9. e3 h6 10. Bh4 c5 11. Be2 c4 12. Qc2 Nbd7 13. O-O g5 14.
Bg3 Ne4 15. Ne5 Qe7 16. Nxd7 Bxd7 17. Be5 f6 18. Bg3 b5 19. a4 bxa4 20. Bf3 Rfe8 21.
Bh5 Rec8 22. Rfe1 Kh8 23. f3 Nxg3 24. hxg3 Qd6 25. Kf2 f5 26. Rh1 Kg7 27. g4 fxg4 28. Bxg4 Bxg4 29. fxg4 Rf8+ 30. Kg1 a3 31. e4 Qf4 32.
exd5 Qe3+ 33. Kh2 Rf2 34. Qc1 Qe2 35. Qg1 Raf8 36. Kh3 R8f4 37. Qd1 Qe3+ 38. g3 R4f3 39. Rg1 a2 40. d6 Rf7 41. Qe1 Qxe1 42. Rgxe1 Kf6 43.
Re5 Rd7 44. Ra5 Rxd6 45. Rxa7 Rf3 46. Ra3 Re6 47. R1xa2 Ree3 48. Ra6+ Kg7 49. Rc6 Rxc3 50. Ra7+ Rf7 51. Rxf7+ Kxf7 52. Rxh6 Rd3 53. Rh5 Kg6 54. Rh8 Rxd4 55. Rc8 Kf6 56. Rc5 Re4 57. Rf5+ Kg6 58.
Rc5 Rd4 59. Rc6+ Kf7 60. Rc5 Kf6 61. Rf5+ Ke6 62. Rxg5 Kd6 63. Rg8 Kd5 64. Rd8+ Ke4 65. Rc8 Kd3 66. g5 c3 67. g6 Rd6 68. g7 Rh6+ 69.
Kg4 Rg6+ 70. Kf5 Rxg7 71. g4 c2 72. g5 Rxg5+ 73. Kxg5 Kd2 74. Rxc2+ Kxc2 1/2-1/2

[Event "*** SCC Grand Prix: Titled Tuesday Blitz"]
[Site "Chess.com"]
[Date "2020.08.25"]
[Round "3"]
[White "SGchess01"]
[Black "Vesper2018"]
[Result "0-1"]
[WhiteElo "2729"]
[BlackElo "2561"]
[TimeControl "180+1"]
[EndTime "10:32:29 PDT"]
[Termination "Vesper2018 won by resignation"]

1. d4 Nf6 2. c4 g6 3. Nc3 Bg7 4. e4 d6 5. f3 O-O 6. Be3 c5 7. Nge2 Nc6 8. d5 Na5 9. Ng3 a6 10. Be2 Bd7 11. O-O Rb8 12. a4 Qb6 13. Qc2 Nb3 14. Rad1 Nd4 15. Qd2 e6 16. Bh6 Bxh6 17. Qxh6 Qxb2 18. Qe3 Qb6 19. f4 exd5 20. e5 Nxe2+ 21.
Qxe2 Bg4 22. Qd2 d4 23. Rb1 Qa5 24. exf6 Qxc3 25. Qxc3 dxc3 26. Rfc1 b5 27. axb5 axb5 28. cxb5 Rb6 29. Ne4 Bf5 30. Nxc3 Bxb1 31. Rxb1 Rfb8 32. Rd1 Rd8 33. Kf2 Kf8 34. Rd5 Ra8 35. Ne4 Rxb5 36.
Nxd6 Rb2+ 37. Kg3 Ra3+ 38. Kh4 Rxg2 39. Ne4 Rxh2+ 40. Kg4 Rg2+ 41. Kh4 Ra8 42. Rxc5 h6 43. Rc7 Kg8 44. Nd6 Rf8 45. Re7 g5+ 46. fxg5 Rxg5 47. Ne4 Rg6 48. Kh5 Ra8 49. Kh4 Ra4 50. Kh5 Ra5+ 51.
Kh4 Rg1 52. Nd6 Ra2 53. Re8+ Kh7 54. Re3 Rh2+ 55. Rh3 Rxh3+ 56. Kxh3 Rf1 57. Ne4 Rf4 58. Ng3 Rxf6 59. Ne4 Ra6 60. Nc5 Rc6 61. Nd7 Kg7 62. Ne5 Rc3+ 63. Kh4 f6 64. Nd7 Rc4+ 65. Kg3 Kg6 66.
Nb6 Rc3+ 67. Kf4 Rb3 68. Nd5 Rd3 69. Ne7+ Kf7 70. Nf5 h5 71. Ke4 Ra3 72. Kf4 Ra4+ 73. Kg3 Kg6 74. Ne7+ Kg5 75. Nd5 Ra3+ 76. Kf2 h4 77.
Nb4 h3 78. Kg1 Kh4 79. Kh2 Rb3 80. Nd5 Rb2+ 81. Kg1 Kg3 82. Nc3 Rc2 83. Ne4+ Kf3 84. Nxf6 Kg3 85. Ne4+ Kg4 86. Nf2+ Kh4 87. Ne4 Rc4 88.
Nf2 Rd4 89. Kh2 Rd2 90. Kg1 h2+ 91. Kf1 Rxf2+ 92. Kxf2 h1=Q 0-1

[Event "*** SCC Grand Prix: Titled Tuesday Blitz"]
[Site "Chess.com"]
[Date "2020.08.25"]
[Round "3"]
[White "Rhinos1"]
[Black "AldokhinIvan"]
[Result "0-1"]
[WhiteElo "2216"]
[BlackElo "2545"]
[TimeControl "180+1"]
[EndTime "10:32:30 PDT"]
[Termination "AldokhinIvan won on time"]

1. e4 e6 2. d3 d5 3. Nd2 c5 4.
Ngf3 Nc6 5. Be2 g6 6. O-O Bg7 7. c3 Nge7 8. Re1 Qc7 9. Nf1 b6 10. Qc2 Ba6 11. Be3 h6 12. Rac1 Rd8 13. d4 Bxe2 14.
Rxe2 dxe4 15. Qxe4 c4 16. Bf4 Qc8 17. Ne5 O-O 18. Ng3 Nd5 19. Nxc6 Qxc6 20. Be5 Rfe8 21. Bxg7 Kxg7 22. Rce1 Qd6 23. Qe5+ Qxe5 24. Rxe5 Nf4 25. Rd1 Rd7 26. h3 Rc8 27. Re3 b5 28. Ne4 f5 29.
Nd2 Kf6 30. Nf3 Nd3 31. Ne5 Nxe5 32. Rxe5 Rd5 33. Rde1 Rc6 34. f4 Ra6 35. a3 Rb6 36. Kf2 Rd7 37. Rc5 a5 38. Ree5 Rdb7 39. Rc8 Kg7 40.
Re8 Kf7 41. Rh8 h5 42. Rh7+ Kf6 43. Rh8 Kg7 44. Re8 Kf7 45. Rh8 Rb8 46. Rh7+ Kf6 47. Rd7 Ra8 48. g4 hxg4 49. hxg4 fxg4 50. Kg3 b4 51. axb4 axb4 52. Kxg4 bxc3 53. bxc3 Ra1 54. Rc7 Rg1+ 55. Kf3 Rc1 56. Rxc4 Rb2 57. Rc6 Rf1+ 58. Kg3 Rg1+ 59. Kf3 Rf1+ 60. Ke3 Re1+ 61. Kd3 Rd1+ 62.
Kc4 Rf2 63. Rexe6+ Kf5 64. Rxg6 Ke4 65. Rcf6 Rc1 66.
Rg3 Ra2 67. Rb6 Kxf4 68. Rh3 Kg4 69. Re3 Kf4 70. Re8 Ra3 71. Rb3 Ra4+ 72. Rb4 Ra7 73. d5 Rc7+ 74. Kd4 Kf5 75. c4 Rd1+ 76. Ke3 Re1+ 77. Kd4 Rxe8 78. Rb6 Re4+ 79. Kd3 Rexc4 80. Rc6 R7xc6 81. d6 R4c5 82. Kd4 Ke6 83. d7 Rd5+ 0-1

[Event "*** SCC Grand Prix: Titled Tuesday Blitz"]
[Site "Chess.com"]
[Date "2020.08.25"]
[Round "3"]
[White "Grootneus"]
[Black "stepanosinovsky"]
[Result "1/2-1/2"]
[WhiteElo "2168"]
[BlackElo "2382"]
[TimeControl "180+1"]
[EndTime "10:32:32 PDT"]
[Termination "Game drawn by repetition"]

1. e4 e5 2. Nf3 Nc6 3. Bb5 a6 4.
Ba4 Nf6 5. d3 b5 6. Bb3 Be7 7.
a4 b4 8. O-O O-O 9. a5 d5 10.
exd5 Nxd5 11. Re1 Bb7 12. Nxe5 Nxe5 13. Rxe5 Bf6 14. Re1 Re8 15. Nd2 Rxe1+ 16. Qxe1 Qd7 17. Ne4 Bd4 18. Be3 Nxe3 19. fxe3 Bxe4 20. dxe4 Bxb2 21. Rd1 Qe7 22. Qf2 Bf6 23. Qf5 Rd8 24. Rxd8+ Qxd8 25. Qd5 c6 26. Qxf7+ Kh8 27. Qc4 Qd1+ 28. Kf2 Qd2+ 29.
Qe2 Qxe2+ 30. Kxe2 Bd8 31. Bc4 Bxa5 32. Bxa6 Kg8 33.
Bb7 Kf7 34. Kd3 Ke6 35. Bxc6 Bd8 36. Bd5+ Ke5 37. Kc4 Be7 38. h3 h6 39. Kd3 Bc5 40. Bf7 Bd6 41. Bg6 Kf6 42. Bf5 Ke5 43. Bd7 g6 44. Be8 g5 45. Bh5 Be7 46. Bg4 Bf8 47. Bf5 Be7 48. Kc4 Bf8 49. Kd3 h5 50. Bg6 h4 51. Bf5 Bg7 52. Kc4 Bf8 53. Kb5 Be7 54.
Kc6 Bf8 55. Kd7 Bc5 56. Ke8 Bxe3 57. Kf7 Bd4 58. Kg6 Kf4 59. Kh5 Bf6 60. Kg6 Bd8 61. Kf7 Bb6 62. Kg6 Bd4 63. Kh5 Be3 64. Kg6 Ke5 65. Kh5 Bf4 66. Kg4 Kd4 67. Kf3 Be5 68. Be6 Kc3 69. Bb3 Kd2 70. Ba4 Ke1 71. Bb3 Kf1 72.
Ba4 Ke1 73. Bb3 Kd2 74. Ba4 Kc3 75. Bb3 Kb2 76. Ba4 Ka3 77. Bb3 Kb2 78. Kg4 Bf4 79.
e5 Bxe5 80. Kxg5 Bg3 81. Kg4 Kc3 82. Kf3 Kd4 83. Ba4 Ke5 84. Bb3 Kf5 85. Ba4 Kg5 86.
Bb3 Be5 87. Ba4 Bc3 88. Bb3 Bb2 89. Be6 Bc3 90. Bg4 Bb2 91. Be6 Bc3 92. Bb3 Bb2 93. Ba4 Bc3 94. Bb3 1/2-1/2

[Event "*** SCC Grand Prix: Titled Tuesday Blitz"]
[Site "Chess.com"]
[Date "2020.08.25"]
[Round "3"]
[White "mfwagnerpeixoto"]
[Black "romulocardoso"]
[Result "0-1"]
[WhiteElo "2260"]
[BlackElo "2008"]
[TimeControl "180+1"]
[EndTime "10:32:37 PDT"]
[Termination "romulocardoso won on time"]

1. d4 Nf6 2. Nf3 e6 3. c3 d5 4. Qc2 b6 5. Bg5 Bb7 6. Nbd2 Nbd7 7. e3 h6 8. Bh4 Be7 9. Bd3 O-O 10. O-O Rc8 11.
Qa4 Rb8 12. Qxa7 Ne4 13. Bxe7 Qxe7 14. Qa4 c5 15. Qc2 f5 16. Bb5 g5 17. Bxd7 Qxd7 18. Ne5 Qe7 19. f3 Nxd2 20. Qxd2 Qf6 21. Rae1 Ra8 22. a3 Qe7 23. f4 g4 24. g3 Kg7 25.
Qg2 c4 26. Kf2 b5 27. Rh1 Rh8 28. h3 h5 29. hxg4 hxg4 30. Rxh8 Rxh8 31. Rh1 Qe8 32. Rxh8 Qxh8 33. Kg1 Qa8 34. Qh2 Qa4 35. Qd2 Qb3 36. Nd7 Qa2 37. Nc5 Bc8 38. Qc2 Qa1+ 39. Kg2 Qe1 40. Qf2 Qb1 41. Kh2 Kf6 42. a4 bxa4 43.
Nxa4 Qa2 44. Nc5 Qa7 45. e4 Qh7+ 46. Kg1 fxe4 47. Qe3 Qa7 48. f5 Qa1+ 49. Kg2 Qxb2+ 50. Kg1 Qb1+ 51. Kh2 Qc2+ 52. Kg1 Qd1+ 53. Kh2 Qf3 54. Qh6+ Kxf5 55. Qf8+ Kg5 56. Qxc8 Qf2+ 57. Kh1 Qf1+ 58. Kh2 Qe2+ 59. Kh1 Qe1+ 60. Kh2 Qxc3 61. Nxe6+ Kf6 62. Nf4 Qd2+ 63. Ng2 c3 64. Qc6+ Ke7 65. Qxd5 c2 66. Qxe4+ Kd7 67. Qxg4+ Kc7 68. Qg7+ Kb6 69. Qf6+ Kb5 70. Qe5+ Kc4 71. Qc5+ Kb3 72. Qb5+ Qb4 73. Qd3+ Qc3 74. Qb5+ Ka2 75. Qa6+ Kb1 76. Qb5+ Qb2 77. Qf1+ c1=Q 78. Qxc1+ Kxc1 79. d5 Qh8+ 80. Nh4 Qd8 81. Kh3 Qxd5 82. Kg4 Qe6+ 83. Nf5 Kd2 84. Kf4 Kd3 85. g4 Qf6 86. g5 Qf7 87. Ke5 Qc7+ 88. Kf6 Ke4 89. Ne7 Qe5+ 90. Kf7 Qxg5 91. Ke8 Ke5 0-1